 Dungeon Crawl Stone Soup version 0.27-a0-1287-gca74d27db6 (webtiles) character file.

Game seed: 8593934858623830526

163824 freelancePsychic the Ninja (level 17, -9/131 HPs)
             Began as a Vampire Berserker on June 14, 2021.
             Was a High Priest of Trog.
             Killed from afar by a deep elf annihilator (38 damage)
             ... with a poison arrow
             ... on level 2 of the Elven Halls on June 15, 2021.
             The game lasted 01:12:33 (28531 turns).

freelancePsychic the Ninja (Vampire Berserker)     Turns: 28531, Time: 01:12:34

Health: -9/131     AC: 14    Str: 17    XL:     17   Next: 24%
Magic:  17/17      EV: 22    Int: 12    God:    Trog [*****.]
Gold:   1598       SH:  0    Dex: 20    Spells: 16/16 levels left

rFire    + + +     SeeInvis +   a - +6 scimitar "Samyibb" {speed, rF+}
rCold    . . .     Faith    .   (no shield)
rNeg     . . .     Spirit   .   A - +0 acid dragon scales
rPois    .         Reflect  .   j - +2 helmet
rElec    .         Harm     .   V - scarf {+Inv}
rCorr    +         Rampage  .   e - +4 pair of gloves of Sloth {rCorr}
Will     +....                  (no boots)
Stlth    +++++++++.             I - amulet of the acrobat
HPRegen  0.51/turn              q - ring of protection from fire
MPRegen  0.15/turn              l - ring "Egakeun" {rF+ Int+3}

@: lethally poisoned (-9 -> -22), on berserk cooldown, healing quickly, slowed,
studying Long Blades, very slow
A: alive, fangs 3, see invisible, vampiric 2
a: Exsanguinate, Renounce Religion, Evoke Invisibility, Berserk, Trog's Hand,
Brothers in Arms


You were on level 2 of the Elven Halls.
You worshipped Trog.
Trog was extremely pleased with you.
You visited 4 branches of the dungeon, and saw 25 of its levels.
You also visited: Ossuary, Bailey and Gauntlet.

You collected 3127 gold pieces.
You spent 1529 gold pieces at shops.

Inventory:

Hand Weapons
 a - the +6 scimitar "Samyibb" (weapon) {speed, rF+}
   (You bought it in a shop on level 2 of the Orcish Mines)

   Attacks with this weapon are significantly faster.
   It protects you from fire.
 b - the +7 quick blade "Curocs" {flame, rPois}
   (Trog gifted it to you on level 1 of the Orcish Mines)

   It has been specially enchanted to burn those struck by it, causing extra
   injury to most foes and up to half again as much damage against particularly
   susceptible opponents.
   It protects you from poison.
 G - a +2 demon trident of freezing
 K - a +2 fustibalus of flaming
 O - a +1 dagger of electrocution
 U - a +2 short sword of draining
Missiles
 t - 8 throwing nets
 L - 2 curare-tipped darts
Armour
 e - the +4 pair of gloves of Sloth (worn) {rCorr}
   (You acquired it on level 6 of the Dungeon)

   It protects you from acid and corrosion.
 j - a +2 helmet (worn)
 A - +0 acid dragon scales (worn)
 V - a scarf of invisibility (worn)
Jewellery
 l - the ring "Egakeun" (right hand) {rF+ Int+3}
   (You found it in a Gauntlet)

   [ring of protection from fire]

   It affects your intelligence (+3).
   It protects you from fire.
 q - a ring of protection from fire (left hand)
 s - a ring of ice
 E - a ring of fire
 I - an amulet of the acrobat (around neck)
 S - a ring of protection from cold
Wands
 n - a wand of mindburst (23)
 p - a wand of paralysis (9)
 w - a wand of iceblast (42)
 x - a wand of charming (11)
 H - a wand of flame (64)
 N - a wand of acid (15)
 R - a wand of polymorph (10)
Scrolls
 c - 4 scrolls of blinking
 g - 5 scrolls of enchant armour
 i - 11 scrolls of teleportation {@r4}
 m - 6 scrolls of vulnerability
 v - 5 scrolls of identify {@r1}
 y - 2 scrolls of enchant weapon
 B - 4 scrolls of magic mapping
 D - 2 scrolls of fear
 F - a scroll of brand weapon
 P - a scroll of silence {unknown}
Potions
 d - 8 potions of lignification
 f - 7 potions of curing {@q1}
 h - 5 potions of attraction
 k - 2 potions of berserk rage
 o - 3 potions of heal wounds {@q2}
 r - 2 potions of resistance {unknown}
 u - a potion of cancellation
 C - 2 potions of mutation
 J - 2 potions of haste {@q3}
 M - 2 potions of might
 Q - 3 potions of magic {unknown}
 T - a potion of ambrosia {unknown}
Miscellaneous
 z - a phantom mirror


   Skills:
 - Level 11.4 Fighting
 - Level 12.0(13.0) Short Blades
 + Level 8.0(10.6) Long Blades
 - Level 1.5 Armour
 - Level 15.8 Dodging
 O Level 27 Stealth
 + Level 2.5 Evocations


You had 16 spell levels left.
You didn't know any spells.
Your spell library was empty.

Dungeon Overview and Level Annotations

Branches:
Dungeon (15/15)            Temple (0/1) D:4            Lair (6/6) D:11
 Shoals (0/4) Lair:4       Spider (0/4) Lair:2        Slime (0/5) Lair:5
    Orc (2/2) D:12            Elf (2/3) Orc:2        Vaults (0/5) D:13
Ossuary (visited)          Bailey (visited)         Gauntlet (visited)
 Depths: D:15

Altars:
Cheibriados
Elyvilon
Sif Muna
Vehumet
The Shining One
Beogh
Jiyva

Shops:
D:12 *   D:14 (   Orc:2 ([:*   Elf:1 =

Portals:
Trove: D:15 (give 7 scrolls of blinking)

Annotations:
Elf:2 1 runed translucent door


Innate Abilities, Weirdness & Mutations

Your natural rate of healing is accelerated.
You have razor-sharp teeth.
You have supernaturally acute eyesight. (SInv)
You are afflicted with vampirism and can become a bat while bloodless.


Message History

The deep elf annihilator hits you with a +0 short sword.
You hit the deep elf annihilator. You bite the deep elf annihilator.
The deep elf annihilator is moderately wounded.
The deep elf annihilator gestures at you while chanting.
The iron shot hits you!!
You are too injured to fight recklessly!
You are too injured to fight recklessly!
You are too injured to fight recklessly!
You are too injured to fight recklessly!
You are too injured to fight recklessly!
You are too injured to fight recklessly!
You are too injured to fight recklessly!
You are too injured to fight recklessly!
You are too injured to fight recklessly!
You are too injured to fight recklessly!
You are too injured to fight recklessly!
You are too injured to fight recklessly!
You are too injured to fight recklessly!
You are too injured to fight recklessly!
You are too injured to fight recklessly!
You are too injured to fight recklessly!
You are too injured to fight recklessly!
You are too injured to fight recklessly!
You are too injured to fight recklessly!
You are too injured to fight recklessly!
You are too injured to fight recklessly!
You are too injured to fight recklessly!
You are too injured to fight recklessly!
You barely miss the deep elf annihilator.
The deep elf annihilator is moderately wounded.
You slash the deep elf annihilator! You bite the deep elf annihilator!
The deep elf annihilator is severely wounded.
The deep elf annihilator gestures at you while chanting.
The iron shot hits you!!!
* * * LOW HITPOINT WARNING * * *
Your iron troll goes berserk!
The deep elf annihilator casts a spell at you.
The poison arrow hits you!!!
You are poisoned.
You die... #..$ .<. ... ... #.. .. #.... ##.#.
TEe

#e# #@# # #)#
#.# #.
#.#########)#
#.# >######
#...........#
#.# ......
#.#####)#####
#.# ###.##
#.## #.#
#..... #..#
#.# #.<...
##|#
#.#######.^...
#.#
#.............


You could see a deep elf annihilator, a deep elf zephyrmancer, a fire elemental
(ally target) and a friendly iron troll (summoned, berserk).

Vanquished Creatures
  Frances (Elf:1)
  Gastronok (D:8)
  A deep elf sorcerer (Elf:1)
  An orc warlord (Orc:1)
  A deep elf demonologist (Elf:1)
  Nessos (D:12)
  A dire elephant (Lair:6)
  Snorg (D:11)
  A deep elf death mage (Elf:1)
  Josephine (Lair:6)
  A fire dragon (D:13)
  Fannar (Lair:1)
  A great orb of eyes (D:13)
  Erolcha (D:12)
  4 boulder beetles
  12 hydras
  Harold (D:9)
  2 catoblepae (Lair:6)
  9 centaur warriors
  7 dancing weapons
  4 death yaks (Lair:6)
  7 two-headed ogres
  Erica (Lair:2)
  A tengu warrior (D:10)
  A deep troll shaman (Lair:6)
  2 orc high priests
  Urug (D:10)
  Sonja (D:11)
  Nergalle (D:11)
  3 deep elf knights
  6 deep elf archers
  3 wizards (Gauntlet)
  6 orc knights
  13 deep elf pyromancers
  7 deep elf zephyrmancers
  3 orc sorcerers
  An oklob plant (D:11)
  An orb spider (Lair:2)
  5 manticores
  5 ugly things
  4 cyclopes
  A shining eye (shapeshifter) (D:14)
  16 elephants
  8 black mambas
  15 cane toads
  A rime drake (shapeshifter) (D:13)
  3 rime drakes
  4 unseen horrors
  A kobold demonologist (D:11)
  12 komodo dragons
  6 trolls
  3 polar bears (Lair:6)
  A hornet (D:8)
  9 slime creatures
  2 shadows
  7 wraiths
  7 wyverns
  55 yaks
  2 steam dragons
  5 basilisks
  9 vampire mosquitoes
  Grum (D:8)
  2 wargs (Orc:1)
  2 swamp worms (Gauntlet)
  An acid dragon (D:9)
  16 water moccasins
  3 black bears
  3 sky beasts
  36 orc warriors
  10 ogres
  2 necrophages (D:4)
  28 wolves
  22 centaurs
  2 kobold brigands
  2 elf zombies (Ossuary)
  4 gnoll sergeants
  5 scorpions
  7 bullfrogs
  A wyvern zombie (D:8)
  A wyvern skeleton (D:7)
  10 killer bees
  7 wights
  2 vampire bats (Orc:2)
  2 howler monkeys (D:8)
  10 centaur zombies
  3 human zombies (Ossuary)
  2 gnoll shamans (Bailey)
  11 orc priests
  4 centaur skeletons
  6 hounds
  4 iguanas
  15 orc wizards
  7 hell rats (Lair:6)
  2 hound zombies (Ossuary)
  2 howler monkey zombies
  3 mummies (Ossuary)
  26 gnolls
  A howler monkey skeleton (D:7)
  4 adders
  4 shadow imps (Gauntlet)
  5 white imps (Gauntlet)
  4 adder zombies (Ossuary)
  2 worms
  35 orcs
  9 bats
  2 giant cockroaches
  A gnoll zombie (Ossuary)
  8 goblins
  5 hobgoblins
  3 jackals (D:2)
  15 kobolds
  3 quokkas
  5 ball pythons
  A frilled lizard (D:2)
  5 goblin zombies (Ossuary)
  A hobgoblin zombie (Ossuary)
  3 jackal zombies (Ossuary)
  3 kobold zombies (Ossuary)
  3 orc zombies (Ossuary)
  5 quokka zombies (Ossuary)
  3 rats
  A rat zombie (Ossuary)
687 creatures vanquished.

Vanquished Creatures (collateral kills)
  A deep elf annihilator (Elf:1)
  A minotaur (Gauntlet)
  2 slime creatures (D:13)
  2 boulder beetles
  A death yak (Lair:6)
  A deep elf zephyrmancer (Elf:1)
  A centaur zombie (D:10)
  A troll (D:10)
  An air elemental (Elf:1)
  4 wraiths (Lair:6)
  A fire elemental (Elf:1)
  6 gnoll sergeants (Bailey)
  4 gnoll shamans (Bailey)
  5 gnolls (Bailey)
31 creatures vanquished.

Vanquished Creatures (others)
  A centaur warrior (D:13)
  A deep elf knight (Elf:1)
  A wolf spider simulacrum (D:15)
  A demonic plant (Gauntlet)
  46 fungi
  41 plants
91 creatures vanquished.

Grand Total: 809 creatures vanquished

Notes
Turn   | Place    | Note
-------+----------+-------------------------------------------
     0 | D:1      | freelancePsychic the Vampire Berserker began the quest for
                  | the Orb.
     0 | D:1      | Reached XP level 1. HP: 17/17 MP: 1/1
   330 | D:1      | Reached skill level 1 in Stealth
   675 | D:2      | Reached XP level 2. HP: 23/23 MP: 2/2
   744 | D:2      | Found a faded altar of an unknown god.
   755 | D:2      | Reached skill level 2 in Stealth
  1050 | D:2      | Gained mutation: You are afflicted with vampirism and can
                  | become a bat while bloodless. [Vampire growth]
  1050 | D:2      | Reached XP level 3. HP: 28/28 MP: 3/3
  1380 | D:2      | Reached skill level 3 in Stealth
  1386 | D:2      | Reached XP level 4. HP: 26/34 MP: 4/4
  1967 | D:3      | Reached skill level 4 in Stealth
  2338 | D:4      | Found a radiant altar of Vehumet.
  2530 | D:4      | Reached XP level 5. HP: 39/39 MP: 5/5
  2569 | D:4      | Noticed a necrophage
  2597 | D:4      | Killed a necrophage
  2598 | D:4      | Reached skill level 5 in Short Blades
  2598 | D:4      | Reached skill level 5 in Stealth
  2611 | D:4      | Noticed a necrophage
  2700 | D:4      | Killed a necrophage
  2700 | D:4      | Reached ** piety under Trog
  2701 | D:4      | Reached skill level 6 in Stealth
  2701 | D:4      | Reached XP level 6. HP: 46/46 MP: 6/6
  3054 | D:4      | Found a staircase to the Ecumenical Temple.
  3060 | D:5      | Entered Level 5 of the Dungeon
  3136 | D:5      | Reached skill level 7 in Stealth
  3275 | D:5      | Reached XP level 7. HP: 51/51 MP: 7/7
  3370 | D:5      | Reached skill level 8 in Stealth
  3731 | D:5      | Reached skill level 9 in Stealth
  4021 | D:6      | Reached XP level 8. HP: 57/57 MP: 8/8
  4262 | D:6      | Reached skill level 10 in Stealth
  4557 | D:6      | Identified a scroll of acquirement
  4557 | D:6      | Acquired the +4 pair of gloves of Sloth {rCorr}
  5195 | D:6      | Reached skill level 11 in Stealth
  5249 | D:7      | Noticed a purple ugly thing
  5286 | D:7      | Found a large runed translucent door.
  5286 | D:7      | Found a large runed translucent door.
  5368 | D:7      | Found a sand-covered staircase.
  5373 | Ossuary  | Entered an ossuary
  5409 | Ossuary  | Reached *** piety under Trog
  5536 | Ossuary  | Reached skill level 12 in Stealth
  5632 | Ossuary  | Reached XP level 9. HP: 60/62 MP: 9/9
  5913 | D:7      | Reached skill level 10 in Short Blades
  5913 | D:7      | Reached skill level 13 in Stealth
  5940 | D:7      | Reached **** piety under Trog
  6111 | D:7      | Killed a purple ugly thing
  6112 | D:7      | Reached skill level 14 in Stealth
  6359 | D:7      | Found a snail-covered altar of Cheibriados.
  6433 | D:8      | Reached skill level 15 in Stealth
  6686 | D:8      | Reached XP level 10. HP: 54/70 MP: 10/10
  6789 | D:8      | Noticed Gastronok
  6790 | D:8      | Noticed Grum
  6820 | D:8      | Killed Gastronok
  6821 | D:8      | Reached skill level 5 in Dodging
  6821 | D:8      | Reached skill level 16 in Stealth
  6834 | D:8      | Killed Grum
  6942 | D:8      | Reached skill level 5 in Fighting
  7360 | D:9      | Noticed Harold
  7362 | D:9      | Reached skill level 17 in Stealth
  7379 | D:9      | Killed Harold
  7516 | D:9      | Reached XP level 11. HP: 81/81 MP: 11/11
  7577 | D:9      | Noticed a two-headed ogre
  7796 | D:9      | Killed a two-headed ogre
  8083 | D:9      | Noticed a centaur warrior
  8100 | D:9      | Killed a centaur warrior
  8680 | D:10     | Entered Level 10 of the Dungeon
  8714 | D:10     | Reached ***** piety under Trog
  8770 | D:10     | Noticed a deep elf pyromancer
  8779 | D:10     | Reached skill level 18 in Stealth
  8791 | D:10     | Noticed a deep elf pyromancer
  8792 | D:10     | Noticed a boulder beetle
  8826 | D:10     | Killed a deep elf pyromancer
  8877 | D:10     | Killed a boulder beetle
  9212 | D:10     | Killed a deep elf pyromancer
  9214 | D:10     | Noticed Urug
  9225 | D:10     | Killed Urug
  9412 | D:10     | Noticed a tengu warrior
  9700 | D:10     | Killed a tengu warrior
  9701 | D:10     | Reached XP level 12. HP: 92/92 MP: 6/12
  9734 | D:10     | Noticed a two-headed ogre
  9738 | D:10     | Killed a two-headed ogre
  9761 | D:10     | Identified the +3 hand crossbow of Hepliaklqana's Envy
                  | {elec, rPois rF+ Str+2}
  9872 | D:10     | Noticed a two-headed ogre
  9879 | D:10     | Killed a two-headed ogre
  9880 | D:10     | Reached skill level 19 in Stealth
  9956 | D:10     | Reached skill level 10 in Dodging
 10167 | D:11     | Found a flagged portal.
 10186 | Bailey   | Entered a bailey
 10410 | D:11     | Noticed Snorg
 10476 | D:11     | Noticed Nergalle
 10490 | D:11     | Killed Nergalle
 10538 | D:11     | Found a gate leading to a gauntlet.
 10547 | Gauntlet | Entered a Gauntlet
 10547 | Gauntlet | Found a runed translucent door.
 10547 | Gauntlet | Found a transporter.
 10547 | Gauntlet | Found a runed translucent door.
 10547 | Gauntlet | Found a transporter.
 10557 | Gauntlet | Found a transporter.
 10569 | Gauntlet | Found a transporter.
 10588 | Gauntlet | Found a transporter.
 10588 | Gauntlet | Found a transporter.
 10588 | Gauntlet | Found a transporter.
 10590 | Gauntlet | Found a transporter.
 10590 | Gauntlet | Found a transporter.
 10605 | Gauntlet | Found a transporter.
 10618 | Gauntlet | Found a transporter.
 10626 | Gauntlet | Noticed a hell hog
 10628 | Gauntlet | Found a transporter.
 10642 | Gauntlet | Found a transporter.
 10665 | Gauntlet | Found a transporter.
 10938 | Gauntlet | Identified the ring "Egakeun" {rF+ Int+3}
 11041 | Gauntlet | Noticed a minotaur
 11052 | Gauntlet | Killed a minotaur
 11116 | D:11     | Noticed Sonja
 11144 | D:11     | Killed Sonja
 11276 | D:11     | Noticed a boulder beetle
 11334 | D:11     | Killed a boulder beetle
 11420 | D:11     | Identified the +7 dire flail of the Vulture {freeze, *Noise
                  | rElec Will+}
 11486 | D:11     | Killed Snorg
 11487 | D:11     | Reached skill level 20 in Stealth
 11547 | D:11     | Found a staircase to the Lair.
 11902 | D:11     | Noticed a two-headed ogre
 11930 | D:11     | Killed a two-headed ogre
 11986 | D:11     | Reached XP level 13. HP: 103/103 MP: 13/13
 12159 | D:12     | Found Wefene's General Store.
 12257 | D:12     | Noticed Erolcha
 12264 | D:12     | Killed Erolcha
 12344 | D:12     | Noticed Nessos
 12345 | D:12     | Found a staircase to the Orcish Mines.
 12348 | D:12     | Reached skill level 10 in Fighting
 12350 | D:12     | Killed Nessos
 12800 | D:13     | Found a gate to the Vaults.
 12919 | D:13     | Identified the +0 robe of the Original Sin {Regen+ rCorr
                  | Stlth-}
 13026 | D:13     | Noticed a fire dragon
 13030 | D:13     | Killed a fire dragon
 13073 | D:13     | Reached skill level 21 in Stealth
 13101 | D:13     | Received a gift from Trog
 14872 | D:14     | Reached XP level 14. HP: 110/110 MP: 14/14
 15752 | D:14     | Found Onkuwaodd's Weapon Emporium.
 15908 | D:14     | Reached skill level 22 in Stealth
 16057 | D:15     | Entered Level 15 of the Dungeon
 16286 | D:15     | Found a portal to a secret trove of treasure.
 16514 | Lair:1   | Entered Level 1 of the Lair of Beasts
 16540 | Lair:1   | Noticed Fannar
 16562 | Lair:1   | Killed Fannar
 17362 | Lair:2   | Noticed Erica
 17402 | Lair:2   | Killed Erica
 17520 | Lair:2   | Found a hole to the Spider Nest.
 18122 | Lair:2   | Reached skill level 23 in Stealth
 19721 | Lair:3   | Reached skill level 24 in Stealth
 20051 | Lair:3   | Identified the +0 robe of Duty {rElec rPois Will- Dex-4}
 20523 | Lair:4   | Reached XP level 15. HP: 112/115 MP: 15/15
 20629 | Lair:4   | Found a staircase to the Shoals.
 21137 | Lair:5   | Found a staircase to the Slime Pits.
 21138 | Lair:5   | Found a viscous altar of Jiyva.
 21326 | Lair:5   | Received a gift from Trog
 21620 | Lair:5   | Reached skill level 25 in Stealth
 21842 | Lair:6   | Entered Level 6 of the Lair of Beasts
 22111 | Lair:6   | Reached skill level 26 in Stealth
 22111 | Lair:6   | Reached XP level 16. HP: 122/122 MP: 16/16
 22553 | Lair:6   | Noticed Josephine
 22591 | Lair:6   | Killed Josephine
 23118 | Lair:6   | Received a gift from Trog
 23119 | Lair:6   | Reached skill level 27 in Stealth
 23884 | Orc:1    | Entered Level 1 of the Orcish Mines
 24624 | Orc:2    | Entered Level 2 of the Orcish Mines
 24626 | Orc:2    | Found Nosuasuyg's Antique Weapon Shoppe.
 25177 | Orc:2    | Found Afasoq's Antique Armour Shoppe.
 25191 | Orc:2    | Reached skill level 15 in Dodging
 25579 | Orc:2    | Found Xoyphef's Book Shop.
 25639 | Orc:1    | Identified the +7 quick blade "Curocs" {flame, rPois} (Trog
                  | gifted it to you on level 1 of the Orcish Mines)
 25639 | Orc:1    | Received a gift from Trog
 25900 | Orc:2    | Found a staircase to the Elven Halls.
 25907 | Orc:2    | Found Opnyeng's General Store.
 26297 | Orc:2    | Found a shimmering blue altar of Sif Muna.
 26773 | Orc:2    | Bought a dazzling scimitar for 315 gold pieces
 26773 | Orc:2    | Identified the +6 scimitar "Samyibb" {speed, rF+} (You
                  | bought it in a shop on level 2 of the Orcish Mines)
 26801 | Orc:2    | Bought a manual of Long Blades for 1214 gold pieces
 26905 | Elf:1    | Entered Level 1 of the Elven Halls
 26925 | Elf:1    | Reached skill level 1 in Long Blades
 26966 | Elf:1    | Found a radiant altar of Vehumet.
 27117 | Elf:1    | Acquired 954 gold pieces
 27318 | Elf:1    | Found Jaarin's Jewellery Emporium.
 27360 | Elf:1    | Noticed Frances
 27379 | Elf:1    | Killed Frances
 27380 | Elf:1    | Reached XP level 17. HP: 65/131 MP: 17/17
 27599 | Elf:1    | Reached skill level 5 in Long Blades
 28335 | Elf:2    | Reached skill level 1 in Evocations
 28453 | Elf:2    | Found a runed translucent gate.
 28531 | Elf:2    | Killed from afar by a deep elf annihilator

Illustrated notes

Levels and vault maps discovered:
D:1:      ncdulo_lavacross, layout_loops_ring
D:2:      layout_basic, basic_ecumenical_altar, moated_statue
D:3:      layout_basic
D:4:      layout_basic, old_standard_altar, minmay_temple_entry_from_below_a,
          chequers_serial_rivers_micro_c
D:5:      layout_basic
D:6:      layout_layer_cave
D:7:      layout_cave_pools, jmf_multi_god_temple2, enter_ossuary_2,
          minmay_misc_feat_more_columns
D:8:      layout_cave_pools, tso_altar, centaur_isle, uniq_grum, uniq_gastronok
D:9:      layout_loops_cross, minmay_misc_feat_cross, grunt_tough_drop,
          uniq_harold
D:10:     minmay_the_grid_octo_triangle [minmay_the_grid_octo_checkerflower,
          minmay_the_grid_octo_prize_ultimate_mussel_roller,
          minmay_the_grid_octo_focus], layout_loops_ring, uniq_urug
D:11:     minmay_angry_zag, layout_loops_ring, dpeg_oklobed_lair,
          enter_bailey_5, gauntlet_entry_generic, kennysheep_doodads,
          uniq_nergalle, uniq_snorg, uniq_sonja
D:12:     layout_roguey, orc_0_dummy, serial_shops, nicolae_shop_crystal,
          uniq_nessos, uniq_erolcha
D:13:     minmay_ornate_pinched, layout_layer_cave, minmay_between
D:14:     layout_basic, infiniplex_staircase_zigzag_5, serial_shops,
          nicolae_shop_trees
D:15:     gammafunk_enter_depths_forms, layout_basic, enter_trove_3,
          minmay_pinched_square
Lair:1:   layout_regular_city, grunt_megastairs_1, infiniplex_staircase_pool_2,
          uniq_fannar
Lair:2:   layout_cave_pods, nicolae_spider_entry_orb_guardian,
          serial_bayou_shore_b, uniq_erica
Lair:3:   layout_cave_pods
Lair:4:   layout_cellular_growth, elwin_shoals_entry_rocks
Lair:5:   layout_loops_ring, slime_altar_1, serial_bayou_shore_b,
          grunt_megastairs_3
Lair:6:   grunt_lair_end_beastmaster, layout_gridlike, uniq_josephine
Orc:1:    layout_diamond_mine, basic_altar
Orc:2:    grunt_orc_gardens, layout_diamond_mine, grunt_orc_garden,
          grunt_orc_garden, grunt_orc_garden, grunt_orc_garden, roderic_batcave,
          kennysheep_orc_sif_temple
Elf:1:    eino_elf_arrival_altar, layout_geoelf_octagon, evilmike_minifort,
          minmay_shop_enchanted_jewellery, uniq_frances
Elf:2:    layout_loops_ring, serial_shops, shop_statue, shop, shop_statue, shop

Skill      XL: |  1  2  3  4  5  6  7  8  9 10 11 12 13 14 15 16 17 |
---------------+----------------------------------------------------+-----
Stealth        | 1 2 3 4 6 7 9 12 15 17 18 20 21 24 26 27 | 27.0
Short Blades   | 4 5 6 7 9 10 11 12 | 12.0
Dodging        | 3 4 7 9 11 13 14 15 | 15.8
Fighting       | 3 5 8 9 10 11 | 11.4
Long Blades    | 4 8 |  8.0
Evocations     | 2 |  2.5
Armour         | |  1.5

Action                   |  1- 3 |  4- 6 |  7- 9 | 10-12 | 13-15 | 16-18 || total
-------------------------+-------+-------+-------+-------+-------+-------++-------
Melee: Short sword       |    83 |    74 |       |    92 |  1288 |   745 ||  2282
       Bite              |     6 |     8 |    54 |   113 |   223 |   183 ||   587
       Dagger            |       |    22 |   441 |   619 |     7 |       ||  1089
       Quick blade       |       |       |       |       |       |   229 ||   229
       Scimitar          |       |       |       |       |       |   108 ||   108
Invok: Berserk           |     3 |     5 |     7 |    13 |    22 |    23 ||    73
       Trog's Hand       |       |       |     2 |       |       |     1 ||     3
       Brothers in Arms  |       |       |       |     7 |     1 |     6 ||    14
  Use: Scroll            |       |     6 |    10 |     5 |     9 |     5 ||    35
       Potion            |       |       |     1 |     3 |     2 |     2 ||     8
 Stab: Sleeping          |     3 |     5 |    17 |    26 |    58 |    20 ||   129
       Distracted        |       |       |       |     3 |     5 |     5 ||    13
Armor: Animal skin       |     6 |       |       |       |       |       ||     6
       Ring mail         |    22 |    26 |   115 |    10 |       |       ||   173
       Acid dragon scale |       |       |       |   209 |   265 |   108 ||   582
Dodge: Dodged            |    52 |    30 |   198 |   472 |   920 |   613 ||  2285
       Rpst.: Scimitar   |       |       |       |       |       |    16 ||    16

Table legend: (Time is in decaauts)
 A = Elapsed time spent in this place.
 B = Non-inter-level travel time spent in this place.
 C = Inter-level travel time spent in this place.
 D = Time resting spent in this place.
 E = Time spent auto-exploring this place.
 F = Levels seen in this place.
 G = Mean time per level.
                   A        B        C        D        E       F      G
               +--------+--------+--------+--------+--------+-----+--------+
         Total |  27471 |  26462 |   1009 |   5030 |  16019 |  28 |  981.1 |
       Dungeon |  15397 |  14757 |    640 |   2520 |   9518 |  15 | 1026.5 |
          Lair |   6870 |   6652 |    218 |   1003 |   4412 |   6 | 1145.0 |
  Orcish Mines |   2650 |   2533 |    117 |    718 |   1199 |   2 | 1325.0 |
   Elven Halls |   1581 |   1549 |     32 |    613 |    653 |   2 |  790.5 |
       Ossuary |    255 |    255 |      0 |      0 |    123 |   1 |  255.0 |
        Bailey |    179 |    179 |      0 |      0 |      0 |   1 |  179.0 |
      Gauntlet |    536 |    536 |      0 |    174 |    114 |   1 |  536.0 |
               +--------+--------+--------+--------+--------+-----+--------+

Top non-repeatable levels by time:
    D:13: 2133 daAuts
  Lair:6: 1599 daAuts
  Lair:3: 1516 daAuts
    D:10: 1451 daAuts
   Orc:1: 1390 daAuts
   Elf:1: 1293 daAuts
   Orc:2: 1260 daAuts
     D:6: 1234 daAuts
    D:14: 1196 daAuts
  Lair:2: 1165 daAuts
    D:11: 1138 daAuts
     D:9: 1032 daAuts
  Lair:5: 1031 daAuts
     D:7: 1021 daAuts
     D:2: 1016 daAuts
